 Dungeon Crawl Stone Soup version 0.29-a0-286-g41199d4a87 (webtiles) character file.

Game seed: 2333416003015526467

456 Aksej the Cudgeller (level 6, 0/48 HPs)
             Began as a Demonspawn Gladiator on Mar 16, 2022.
             Slain by a lemure (4 damage)
             ... led by Pikel
             ... on level 4 of the Dungeon.
             The game lasted 00:11:01 (4271 turns).

Aksej the Cudgeller (Demonspawn Gladiator)          Turns: 4271, Time: 00:11:01

Health: 0/48       AC: 10    Str: 27    XL:     6   Next: 77%
Magic:  6/6        EV: 12    Int:  7    God:
Gold:   178        SH:  4    Dex: 10    Spells: 4/6 levels left

rFire   + . .      SeeInvis .   a - +7 mace of Qeisemp {pain, Will+ rCorr Str+2}
rCold   . . .      Faith    .   (no shield)
rNeg    . . .      Spirit   .   b - +0 leather armour
rPois   +          Reflect  .   c - +0 helmet
rElec   .          Harm     .   i - +1 cloak
rCorr   +          Rampage  .   (gloves unavailable)
Will    +....                   (no boots)
Stlth   +.........              s - amulet "Biruumaiju" {Acrobat rPois Str+9 Int-3 Dex-4}
HPRegen 0.16/turn               k - ring of protection from fire
MPRegen 0.10/turn               w - +4 ring of protection

@: mighty
A: claws 3, large bone plates 1, powered by pain 1
a: no special abilities


You were on level 4 of the Dungeon.
You visited 1 branch of the dungeon, and saw 4 of its levels.
You also visited: Sewer.

You collected 178 gold pieces.

Inventory:

Hand Weapons
 a - the +7 mace of Qeisemp (weapon) {pain, Will+ rCorr Str+2}
   (You found it on level 2 of the Dungeon)

   In the hands of one skilled in necromantic magic, it inflicts extra damage on
   living creatures.
   Str:       It affects your strength (+2).
   rCorr:     It protects you from acid and corrosion.
   Will:      It increases your willpower.
 y - a +1 flail
Missiles
 e - a javelin (quivered)
 u - 5 boomerangs
Armour
 b - a +0 leather armour (worn)
 c - a +0 helmet (worn)
 i - a +1 cloak (worn)
 p - a scarf of invisibility
Jewellery
 k - a ring of protection from fire (left claw)
 s - the amulet "Biruumaiju" (around neck) {Acrobat rPois Str+9 Int-3 Dex-4}
   (You found it on level 3 of the Dungeon)

   [amulet of the acrobat]

   It increases your evasion while moving and waiting.
   Str:       It affects your strength (+9).
   Int:       It affects your intelligence (-3).
   Dex:       It affects your dexterity (-4).
   rPois:     It protects you from poison.
 w - a +4 ring of protection (right claw)
 B - an amulet of faith
Wands
 r - a wand of digging (4)
Scrolls
 f - 2 scrolls of teleportation
 j - a scroll of enchant weapon
 l - 2 scrolls of blinking
 o - a scroll of vulnerability {unknown}
 q - 2 scrolls of summoning
 v - a scroll of amnesia {unknown}
 x - a scroll of enchant armour
 z - a scroll of immolation {unknown}
Potions
 g - a potion of curing
 h - 2 potions of mutation
 n - a potion of cancellation
 t - a potion of haste {unknown}


   Skills:
 * Level 4.1 Fighting
 + Level 4.4 Maces & Flails
 + Level 1.7 Throwing
 + Level 2.3 Armour
 + Level 3.8 Dodging
 + Level 0.5 Stealth
 + Level 0.4 Shields
 + Level 0.6 Spellcasting
 + Level 0.6 Necromancy


You had 4 spell levels left.
You knew the following spells:

 Your Spells              Type           Power      Damage    Failure   Level
a - Animate Skeleton      Necr           2%         N/A       36%         1
b - Foxfire               Conj/Fire      0%         2x1d4     45%         1

Your spell library contained the following spells:

 Spells                   Type           Power      Damage    Failure   Level
 Apportation              Tloc           0%         N/A       45%         1
 Sandblast                Erth           0%         2d4       45%         1
 Summon Small Mammal      Summ           0%         N/A       45%         1
 Corpse Rot               Necr/Air       0%         N/A       54%         2
 Passwall                 Tmut/Erth      0%         N/A       58%         2
 Poisonous Vapours        Pois/Air       0%         N/A       58%         2
 Conjure Flame            Conj/Fire      0%         6-21      83%         3
 Inner Flame              Hex/Fire       0%         N/A       83%         3
 Stone Arrow              Conj/Erth      0%         3d7       83%         3
 Flame Wave               Conj/Fire      0%         2d4       99%         4


Dungeon Overview and Level Annotations

Branches:
Dungeon (4/15)              Sewer (visited)
 Temple: D:4-7

Altars:

Annotations:
D:4 Pikel


Innate Abilities, Weirdness & Mutations

You have claws for hands.
You are partially covered in large bone plates. (SH +4)
You sometimes gain a little power by taking damage.


Message History

You thump Pikel!
Pikel is heavily wounded.
Pikel hits you with a +0 whip of electrocution.
You are electrocuted!
The lemure hits you. The lemure hits you but does no damage.
The lemure barely misses you. Pikel barely misses you.
A jackal comes into view.
The jackal barks!
You hit Pikel.
Pikel is heavily wounded.
You hear a bark!
You block the lemure's attack. The lemure misses you.
You block the lemure's attack. You block Pikel's attack.
You hit Pikel but do no damage.
Pikel is heavily wounded.
The jackal closely misses you. The lemure barely misses you.
The lemure misses you. The lemure hits you but does no damage.
The jackal bites you but does no damage.
Pikel says, "All the demons know me.
They respect me."
Pikel hits you with a +0 whip of electrocution.
The lemure barely misses you. The lemure hits you.
* * * LOW HITPOINT WARNING * * *
You closely miss Pikel.
Pikel is heavily wounded.
The jackal bites you.
* * * LOW HITPOINT WARNING * * *
The lemure barely misses you.
Pikel zaps a wand.
You resist with almost no effort.
The now-empty wand crumbles to dust.
The lemure closely misses you. The lemure misses you.
You feel very mighty all of a sudden. The lemure hits you but does no damage.
Pikel closely misses you. You block the jackal's attack.
The lemure barely misses you. The lemure closely misses you.
You sock Pikel!
Pikel is severely wounded.
The jackal closely misses you. The lemure hits you but does no damage.
Pikel hits you with a +0 whip of electrocution!
* * * LOW HITPOINT WARNING * * *
The lemure hits you.
You die...

. ..........# .. .
.......... ##... .
#................. .
##.......##........ ...
#................. ...#
#.....h....##... ....
##....K5h...#..# .....
.....h5@5h#.#..##....##.
..........#....##.....##
...............##.......
....###.................
... #.#......##......#
.. #.##...#..##>....# #
..##...#..........
...................
.....#........)...#.


You could see Pikel, 3 lemures and 4 jackals.

Vanquished Creatures
  Pargi (Sewer)
  An ogre (D:4)
  A lemure (D:4)
  2 hounds (D:4)
  An orc priest (D:3)
  Crazy Yiuf (D:2)
  6 adders
  3 dart slugs
  2 orcs (D:3)
  5 bats
  8 endoplasms
  6 giant cockroaches
  8 goblins
  6 hobgoblins
  8 jackals (D:1)
  6 kobolds
  8 quokkas
  11 ball pythons
  9 frilled lizards
  6 rats
99 creatures vanquished.

Vanquished Creatures (others)
  A plant (D:3)
1 creature vanquished.

Grand Total: 100 creatures vanquished

Notes
Turn   | Place    | Note
-------+----------+-------------------------------------------
     0 | D:1      | Aksej the Demonspawn Gladiator began the quest for the Orb.
     0 | D:1      | Reached XP level 1. HP: 16/16 MP: 1/1
   182 | D:1      | Gained mutation: You are partially covered in large bone
                  | plates. (SH +4) [demonic ancestry]
   182 | D:1      | Reached XP level 2. HP: 22/22 MP: 2/2
   666 | D:1      | Gained mutation: You have sharp fingernails. [demonic
                  | ancestry]
   666 | D:1      | Reached XP level 3. HP: 27/27 MP: 3/3
  1500 | D:2      | Found a faded altar of an unknown god.
  1689 | D:2      | Learned a level 1 spell: Animate Skeleton
  1691 | D:2      | Learned a level 1 spell: Foxfire
  1908 | D:2      | Gained mutation: You sometimes gain a little power by
                  | taking damage. [demonic ancestry]
  1908 | D:2      | Reached XP level 4. HP: 22/33 MP: 4/4
  2141 | D:2      | Found a runed translucent door.
  2142 | D:2      | Identified the +7 mace of Qeisemp {pain, Will+ rCorr Str+2}
  2142 | D:2      | Noticed Crazy Yiuf
  2155 | D:2      | Killed Crazy Yiuf
  2537 | D:3      | Reached skill level 1 in Armour
  2537 | D:3      | Gained mutation: You have very sharp fingernails. [demonic
                  | ancestry]
  2537 | D:3      | Reached XP level 5. HP: 27/41 MP: 5/5
  3123 | D:3      | Identified the amulet "Biruumaiju" {Acrobat rPois Str+9
                  | Int-3 Dex-4}
  3462 | D:4      | Noticed a lemure
  3486 | D:4      | Found a glowing drain.
  3495 | D:4      | Killed a lemure
  3608 | Sewer    | Entered a sewer
  3860 | Sewer    | Noticed Pargi
  3873 | Sewer    | Killed Pargi
  3874 | Sewer    | Gained mutation: You have claws for hands. [demonic
                  | ancestry]
  3874 | Sewer    | Reached XP level 6. HP: 36/47 MP: 6/6
  4258 | D:4      | Noticed Pikel
  4271 | D:4      | Slain by a lemure

Illustrated notes

Levels and vault maps discovered:
D:1:      mainiacjoe_arrival_reflecting_pool, layout_basic
D:2:      layout_loops_cross, basic_ecumenical_altar, uniq_crazy_yiuf_cottage
D:3:      layout_basic, saegor_snake_ambush
D:4:      layout_cave_pools, lemuel_round_altar, gup_sewer_entry_pipe,
          uniq_eustachio, uniq_pikel

Skill      XL: |  1  2  3  4  5  6 |
---------------+-------------------+-----
Maces & Flails | 3 4 |  4.4
Dodging        | 3 |  3.8
Fighting       | 3 4 |  4.1
Armour         | 1 2 |  2.3
Throwing       | |  1.7
Stealth        | |  0.5
Shields        | |  0.4
Spellcasting   | |  0.6
Necromancy     | |  0.6

Action                   |  1- 3 |  4- 6 || total
-------------------------+-------+-------++-------
Melee: Flail             |   142 |     1 ||   143
       Punch             |     1 |     4 ||     5
       Mace              |       |   129 ||   129
Throw: Throwing net      |       |     4 ||     4
 Cast: Animate Skeleton  |     1 |     9 ||    10
       Foxfire           |       |     1 ||     1
  Use: Scroll            |     3 |     7 ||    10
       Potion            |     1 |     4 ||     5
 Stab: Sleeping          |     1 |       ||     1
Armor: Leather armour    |    31 |    41 ||    72
       Skin              |       |    14 ||    14
Dodge: Dodged            |   100 |   118 ||   218
Block: Other             |    26 |    18 ||    44

Table legend: (Time is in decaauts)
 A = Elapsed time spent in this place.
 B = Non-inter-level travel time spent in this place.
 C = Inter-level travel time spent in this place.
 D = Time resting spent in this place.
 E = Time spent auto-exploring this place.
 F = Levels seen in this place.
 G = Mean time per level.
                   A        B        C        D        E       F      G
               +--------+--------+--------+--------+--------+-----+--------+
         Total |   4392 |   4336 |     56 |     92 |   3431 |   5 |  878.4 |
       Dungeon |   3942 |   3886 |     56 |     92 |   3094 |   4 |  985.5 |
         Sewer |    450 |    450 |      0 |      0 |    337 |   1 |  450.0 |
               +--------+--------+--------+--------+--------+-----+--------+

Top non-repeatable levels by time:
     D:1: 1295 daAuts
     D:2: 1244 daAuts
     D:3: 984 daAuts
   Sewer: 450 daAuts
     D:4: 417 daAuts
